Map: Mech Depot LE

Players

Tété - Winner!

  • Race: Zerg Zerg
  • League: Silver
  • Spawn Location: 7:00

Azgarok

  • Race: Zerg Zerg
  • League: Bronze
  • Spawn Location: 1:00

VOD

Have the link to the VOD?

Description

Time

  • Played on: Aug. 30, 2017, 6:25 p.m.
  • Length: 27:35
Show
View Real Time Build Order
Export as new Build Order

Tété Zerg - Winner!

Build Orders: Hatch First 

Get SALT Encoding   

  12  0:03  Drone  
  13  0:10  Drone  
  14  0:16  Overlord  
  14  0:23  Drone, Extractor  
  15  0:35  Drone x2  
  17  0:54  Hatchery  
  16  0:59  Drone  
  17  1:14  Spawning Pool  
  17  1:15  Drone  
  17  1:16  Drone  
  18  1:25  Drone  
  19  1:28  Extractor  
  19  1:29  Drone, Extractor  
  18  1:40  Drone  
  19  1:57  Overlord  
  19  2:06  Queen x2  
  19  2:07  Drone x2  
  25  2:18  Zergling x4  
  27  2:23  Drone  
  27  2:27  Drone  
  29  2:35  Roach Warren  
  28  2:43  Lair  
  28  3:03  Drone x6  
  34  3:15  Drone x2  
  36  3:21  Overlord  
  36  3:22  Overlord  
  36  3:40  Roach x5  
  46  3:44  Metabolic Boost  
  46  3:49  Glial Reconstitution  
  46  3:59  Zergling x2  
  46  4:00  Zergling x4, Roach  
  45  4:11  Queen  
  45  4:14  Drone  
  45  4:15  Drone  
  49  4:17  Drone  
  49  4:20  Drone  
  49  4:22  Drone  
  52  4:37  Overlord x3  
  52  4:47  Extractor  
  52  4:49  Extractor  
  50  4:53  Zergling x4  
  50  4:56  Roach  
  50  4:57  Roach x3  
  60  5:10  Ravager x2  
  60  5:11  Ravager  
  63  5:20  Drone x3  
  63  5:21  Drone x5  
  71  5:44  Roach x2  
  71  5:45  Zergling x2  
  71  5:47  Overlord x3  
  67  6:25  Zergling x6, Roach x3  
  67  6:37  Hatchery  
  66  6:52  Ravager  
  65  7:00  Zergling x2  
  65  7:01  Zergling x6, Roach x3  
  63  7:04  Queen  
  63  7:21  Ravager x3  
  63  7:22  Ravager x5  
  71  7:24  Zergling x6, Roach x2  
  78  7:34  Extractor  
  78  7:36  Extractor  
  76  7:40  Drone x2, Evolution Chamber  
  76  7:41  Evolution Chamber  
  76  7:43  Spire  
  75  8:00  Hydralisk Den  
  75  8:02  Queen  
  75  8:04  Queen  
  78  8:13  Drone x8  
  86  8:29  Infestation Pit  
  85  8:36  Muscular Augments, Hydralisk  
  87  8:54  Overseer x3  
  87  8:59  Drone  
  87  9:00  Drone x5  
  87  9:02  Drone x2  
  95  9:04  Drone  
  96  9:12  Hydralisk  
  99  9:24  Drone x6  
  99  9:25  Drone  
  105  9:32  Zerg Ground Armor Level 1  
  105  9:52  Overlord x5  
  105  9:59  Extractor  
  104  10:01  Drone x2, Extractor  
  105  10:08  Zerg Missile Weapons Level 1  
  105  10:21  Drone x3  
  106  10:22  Drone x3  
  106  10:23  Drone x4  
  106  10:24  Drone  
  116  10:46  Pneumatized Carapace, Extractor  
  116  10:47  Hatchery  
  116  10:48  Hive  
  114  11:12  Hydralisk x3  
  114  11:13  Roach x6, Hydralisk x5  
  114  11:14  Roach x2  
  146  11:38  Overlord x6  
  146  11:39  Overlord x3  
  146  11:58  Ravager x4  
  146  11:59  Ravager x2  
  152  12:15  Zerg Ground Armor Level 2, Zerg Missile Weapons Level 2  
  152  12:18  Adrenal Glands  
  152  12:23  Queen  
  154  12:36  Zerg Flyer Weapons Level 1  
  154  12:40  Mutalisk x6  
  154  12:41  Mutalisk x4  
  174  12:54  Zergling x16  
  174  12:55  Zergling x16  
  190  13:21  Extractor  
  189  13:44  Drone x3  
  192  14:02  Ultralisk Cavern  
  191  14:31  Zerg Missile Weapons Level 3, Zerg Ground Armor Level 3  
  189  16:19  Chitinous Plating  
  189  16:21  Ultralisk  
  195  17:08  Zerg Melee Weapons Level 1  
  195  17:25  Overlord x4  
  188  17:55  Ultralisk x4  
  128  18:42  Ultralisk  
  128  18:43  Ultralisk x11  
  200  19:41  Hatchery  
  200  19:45  Zergling x2, Extractor  
  200  19:46  Extractor  
  198  20:14  Zerg Melee Weapons Level 2  
  198  21:20  Hatchery  
  198  21:21  Extractor, Zerg Flyer Weapons Level 2  
  198  21:24  Extractor  
  195  21:37  Hydralisk x2  
  199  22:18  Overseer x3  
  199  22:45  Zerg Melee Weapons Level 3  
  199  23:15  Overlord  
  199  23:18  Overlord  
  199  23:52  Overlord  
  199  23:53  Overlord x8  
  199  23:54  Overlord x7  
  194  27:03  Zergling x6  
  194  27:04  Zergling x2, Roach  
Show
View Real Time Build Order
Export as new Build Order

Azgarok Zerg 

Build Orders: Hatch First 

Get SALT Encoding   

  12  0:01  Drone  
  13  0:14  Overlord  
  13  0:24  Drone  
  14  0:32  Drone x2  
  16  0:37  Drone  
  17  0:49  Drone  
  18  1:00  Hatchery  
  17  1:13  Spawning Pool  
  17  1:15  Extractor  
  15  1:20  Drone x2  
  15  1:23  Drone  
  19  1:40  Drone  
  19  1:46  Overlord  
  19  1:59  Extractor  
  18  2:01  Queen  
  20  2:14  Roach Warren  
  19  2:17  Metabolic Boost  
  19  2:26  Drone x3  
  19  2:27  Drone  
  19  2:28  Drone  
  24  2:39  Lair  
  24  2:54  Zergling x8  
  28  3:01  Zergling x4  
  30  3:10  Overlord  
  30  3:11  Overlord  
  30  3:31  Roach  
  30  3:32  Roach x3  
  38  3:42  Lair  
  32  4:16  Roach x2  
  32  4:17  Roach x4  
  40  4:20  Overlord  
  44  4:26  Evolution Chamber  
  43  4:38  Overlord  
  43  4:46  Roach x2  
  43  4:47  Roach  
  49  4:53  Drone  
  49  4:55  Drone  
  49  4:59  Drone  
  52  5:10  Queen  
  54  5:26  Hydralisk Den  
  50  5:41  Roach x2  
  50  5:42  Roach x3  
  58  5:50  Spine Crawler  
  58  5:56  Spine Crawler  
  56  6:08  Zergling x2, Roach  
  20  7:09  Roach x2  
  20  7:10  Roach x5  
  30  7:23  Hatchery  
  30  7:27  Drone  
  30  7:30  Queen  
  32  7:47  Drone x2  
  34  7:57  Zerg Missile Weapons Level 1  
  34  8:14  Roach  
  34  8:15  Roach  
  39  8:27  Drone x2  
  40  8:53  Roach x2  
  40  8:54  Roach x3  
  50  8:57  Roach  
  52  9:12  Spine Crawler  
  52  9:16  Spine Crawler  
  50  9:23  Spine Crawler  
  49  9:27  Drone  
  50  9:35  Overlord  
  50  9:49  Queen  
  52  9:57  Drone  
  52  9:58  Drone  
  54  10:02  Drone  
  55  10:24  Spine Crawler  
  54  10:51  Drone  
  54  10:52  Drone x5  
  54  10:53  Overlord x2  
  60  11:09  Spine Crawler  
  59  11:15  Spine Crawler  
  59  11:17  Drone  
  59  11:18  Drone x3  
  62  11:37  Overlord x2  
  62  11:56  Drone  
  62  11:57  Drone  
  64  12:04  Unknown  
  64  12:08  Zerg Missile Weapons Level 2  
  64  12:35  Hydralisk  
  64  12:36  Hydralisk x5  
  64  12:37  Hydralisk x3  
  82  13:23  Muscular Augments  
  82  13:31  Burrow  
  82  13:45  Spore Crawler  
  81  13:49  Spore Crawler x2  
  81  13:54  Hydralisk x6  
  91  13:56  Overlord x2  
  91  13:58  Overlord  
  91  14:24  Spire  
  91  14:28  Zerg Ground Armor Level 1  
  90  14:34  Hydralisk x4  
  90  14:35  Hydralisk x5  
  108  14:42  Overlord x2  
  108  15:00  Hatchery  
  108  15:02  Unknown x4  
  107  15:29  Spore Crawler  
  106  15:58  Spine Crawler  
  106  15:59  Spine Crawler  
  104  16:07  Spore Crawler  
  103  16:30  Hydralisk x3  
  103  16:31  Hydralisk x7  
  123  16:52  Infestation Pit  
  122  17:14  Hatchery  
  121  17:38  Overlord  
  121  17:39  Overlord x2  
  121  17:43  Hydralisk x2  
  123  17:49  Zergling x4  
  123  17:50  Zergling x2  
  23  18:59  Zergling x4  
  23  19:00  Zergling x12  
  23  19:01  Zergling x10  
  23  19:02  Zergling x6  
  39  19:36  Hatchery  
  36  20:15  Zergling x8  
  36  20:16  Zergling x10  
  36  20:17  Zergling x10  
  50  20:34  Zergling x4  
  50  20:35  Zergling x4  
  54  20:40  Zergling x2  
  53  21:57  Spore Crawler x2  
  51  22:01  Spore Crawler  
  51  22:07  Spore Crawler  
  49  22:12  Spine Crawler  
  49  22:14  Zergling x10  
  49  22:15  Zergling x12  
  58  22:43  Zergling x8  
  62  23:24  Zergling x8  
  62  23:25  Zergling x2  
  67  23:41  Drone  
  67  23:42  Drone  
  69  24:22  Queen x2  
  69  26:22  Queen x2  
Tags
 
Add a new tag
Caveats
  • Supply blocks, unpowered buildings, or Contaminate may cause inaccurate times.
  • Supply counts are checked every 10 seconds.